 Dungeon Crawl Stone Soup version 0.29.1-1-gd02db6906a (webtiles) character file.

Game seed: 18207513650639155922

35 experimilk the Grave Robber (level 3, 0/26 HPs)
             Began as a Ghoul Necromancer on Oct 1, 2022.
             Slain by an adder (3 damage)
             ... on level 2 of the Dungeon.
             The game lasted 00:04:38 (1827 turns).

experimilk the Grave Robber (Ghoul Necromancer)     Turns: 1827, Time: 00:04:39

Health: 0/26       AC:  3    Str: 11    XL:     3   Next: 33%
Magic:  0/4        EV: 12    Int: 12    God:
Gold:   36         SH:  0    Dex:  9    Spells: 1/5 levels left

rFire   . . .      SeeInvis .   (no weapon)
rCold   + . .      Faith    .   (no shield)
rNeg    + + +      Spirit   .   a - +0 robe
rPois   ∞          Reflect  .   (no helmet)
rElec   .          Harm     .   (no cloak)
rCorr   .          Rampage  .   (no gloves)
Will    .....                   e - +0 pair of boots
Stlth   ++........              (no amulet)
HPRegen 0.00/turn               (no ring)
MPRegen 0.09/turn               (no ring)

@: inhibited regen
A: claws 1, cold resistance 1, negative energy resistance 3, inhibited
regeneration, torment resistance 2, devour on kill
a: no special abilities


You were on level 2 of the Dungeon.
You visited 1 branch of the dungeon, and saw 2 of its levels.

You collected 36 gold pieces.

Inventory:

Armour
 a - a +0 robe (worn)
 e - a +0 pair of boots (worn)
Scrolls
 c - 3 scrolls of identify {unknown}
Potions
 b - a potion of magic
 d - a potion of ambrosia {unknown}
 f - a potion of heal wounds {unknown}


   Skills:
 - Level 1.8 Dodging
 - Level 2.2 Stealth
 - Level 1.8 Spellcasting
 * Level 5.0 Necromancy


You had one spell level left.
You knew the following spells:

 Your Spells              Type           Power      Damage    Failure   Level
a - Necrotise             Necr           52%        1d6       3%          1
z - Vampiric Draining     Necr           13%        2d6       11%         3

Your spell library contained the following spells:

 Spells                   Type           Power      Damage    Failure   Level
 Animate Dead             Necr           13%        N/A       34%         4
 Agony                    Necr           13%        N/A       67%         5


Dungeon Overview and Level Annotations

Branches:
Dungeon (2/15)

Altars:
Dithmenos

Annotations:
D:2 Sigmund


Innate Abilities, Weirdness & Mutations

You are immune to poison.
You have sharp fingernails.
Your flesh is cold resistant. (rC+)
You are immune to negative energy. (rN+++)
You do not regenerate when monsters are visible.
You are immune to unholy pain and torment.
You thrive by killing the living.


Message History

The adder bites you.
You scratch the adder.
The adder is severely wounded.
The adder bites you. The adder barely misses you.
Unknown command.
You miss the adder.
The adder is severely wounded.
The adder closely misses you.
You barely miss the adder.
The adder is severely wounded.
The adder bites you.
* * * LOW HITPOINT WARNING * * *
Aiming: Necrotise (safe; 3% risk of failure)
Press: ? - help, Q - select action Shift-Dir - straight line, f/p - adder
Aim: an adder (severely wounded, chance to affect: 76%)
The adder writhes in agony.
The adder bites you.
* * * LOW HITPOINT WARNING * * *
The adder closely misses you.
You miss the adder.
The adder is almost dead.
The adder bites you but does no damage.
You closely miss the adder.
The adder is almost dead.
The adder barely misses you.
You closely miss the adder.
The adder is almost dead.
The adder barely misses you.
You completely miss the adder.
The adder is almost dead.
The adder bites you.
* * * LOW HITPOINT WARNING * * *
The adder barely misses you.
You closely miss the adder.
The adder is severely wounded.
The adder closely misses you.
You scratch the adder.
The adder is almost dead.
The adder bites you.
You die...

#..#)#####.##.#
#..#.# #.##.#
#..#.# #.##.#
#..#.. #.##.#
#..##. #.##.# #
#..# .#
..##.###.# #..#
.# ####.....#
.#.#####..####
.......(@#
#.######S# #.#
........#
..####..# #..#
...# ##... ..$.


You could see an adder.

Vanquished Creatures
  2 dart slugs (D:1)
  2 bats (D:1)
  4 endoplasms (D:1)
  4 goblins
  A hobgoblin (D:2)
  4 jackals (D:1)
  2 quokkas (D:1)
  2 ball pythons (D:1)
  2 frilled lizards (D:1)
  3 kobolds (D:1)
26 creatures vanquished.

Notes
Turn   | Place    | Note
-------+----------+-------------------------------------------
     0 | D:1      | experimilk the Ghoul Necromancer began the quest for the
                  | Orb.
     0 | D:1      | Reached XP level 1. HP: 14/14 MP: 2/2
   586 | D:1      | You fall into a shaft and drop 1 floor!
   596 | D:2      | Noticed Sigmund
   601 | D:2      | Found a shadowy altar of Dithmenos.
   615 | D:1      | Reached XP level 2. HP: 8/20 MP: 0/3
  1087 | D:1      | Reached XP level 3. HP: 22/26 MP: 1/4
  1134 | D:1      | Learned a level 3 spell: Vampiric Draining
  1373 | D:1      | Found a faded altar of an unknown god.
  1532 | D:1      | Reached skill level 5 in Necromancy
  1827 | D:2      | Slain by an adder

Illustrated notes

Levels and vault maps discovered:
D:1:      dpeg_arrival_stonehenge_12_columns, layout_basic,
          ebering_ecumenical_altar_hall
D:2:      layout_loops_ring, basic_altar, serial_bayou_pond_a, uniq_sigmund

Skill      XL: |  1  2  3 |
---------------+----------+-----
Necromancy     | 5 |  5.0
Dodging        | |  1.8
Stealth        | |  2.2
Spellcasting   | |  1.8

Action                   || total
-------------------------++-------
Melee: Unarmed           ||    48
       Punch             ||     1
 Cast: Necrotise         ||    46
Armor: Robe              ||    10
Dodge: Dodged            ||    51
